 Dungeon Sprint DCSS version 0.27-a0-1191-g601b473118 (webtiles) character file.

Game seed: 11556515932738026290

5252 Zeld the Severer (level 10, -7/94 HPs)
             Began as a Minotaur Berserker on May 24, 2021.
             Was a High Priest of Trog.
             Mangled by a demonic crawler (10 damage)
             ... in the Dungeon (Sprint I: "Red Sonja").
             The game lasted 00:04:36 (2839 turns).

Zeld the Severer (Minotaur Berserker)               Turns: 2839, Time: 00:04:36

Health: -7/94      AC:  5    Str: 23    XL:     10   Next: 36%
Magic:  9/9        EV: 15    Int: -2 (0) God:    Trog [*****.]
Gold:   85         SH: 12    Dex: 10    Spells: 9/9 levels left

rFire    . . .     SeeInvis .   n - +5 war axe (venom)
rCold    . . .     Faith    .   b - +0 kite shield
rNeg     . . .     Spirit   .   m - +0 troll leather armour
rPois    .         Reflect  .   (helmet restricted)
rElec    .         Harm     .   (no cloak)
rCorr    .         Rampage  .   l - +1 pair of gloves
Will     .....     NoTele   +   j - +0 pair of boots
Stlth    +.........             (no amulet)
HPRegen  1.25/turn              (no ring)
MPRegen  0.11/turn              (no ring)

@: unable to read, on berserk cooldown, slowed, lost intelligence, very slow
A: horns 2, retaliatory headbutt, deformed body, deterioration 1, dopey 2, frail
1, weak 1, inability to read while threatened
a: Renounce Religion, Berserk, Trog's Hand, Brothers in Arms


You were in the Dungeon.
You worshipped Trog.
Trog was extremely pleased with you.
You visited 1 branch You collected 818 gold pieces.
You spent 733 gold pieces at shops.

Inventory:

Hand Weapons
 a - a +3 war axe
 n - a +5 war axe of venom (weapon)
Armour
 b - a +0 kite shield (worn)
 j - a +0 pair of boots (worn)
 l - a +1 pair of gloves (worn)
 m - a +0 troll leather armour (worn)
Scrolls
 h - a scroll of blinking
 k - a scroll of fear
 o - a scroll of enchant armour
 p - a scroll of magic mapping
 r - 2 scrolls of enchant weapon
Potions
 c - 3 potions of curing
 d - a potion of heal wounds
 e - a potion of haste
 f - 2 potions of magic
 g - a potion of berserk rage
 i - a potion of might {unknown}


   Skills:
 * Level 15.3 Fighting
 - Level 16.0 Axes
 - Level 2.4 Armour
 * Level 14.0 Dodging
 * Level 10.9 Shields


You had 9 spell levels left.
You didn't know any spells.
Your spell library was empty.

Dungeon Overview and Level Annotations

Branches:
Dungeon (1/1)

Altars:
Cheibriados
Dithmenos
Elyvilon
Fedhas
Gozag
Hepliaklqana
Kikubaaqudgha
Makhleb
Nemelex Xobeh
Okawaru
Qazlal
Ru
Sif Muna
Trog
Uskayaw
Vehumet
Wu Jian
Xom
Yredelemnul
Zin
The Shining One
Jiyva
Lugonu

Shops:
D ((*[*?[

Annotations:
D Sonja


Innate Abilities, Weirdness & Mutations

You have a pair of horns on your head.
You reflexively headbutt those who attack you in melee.
Armour fits poorly on your strangely shaped body.
Your body sometimes deteriorates upon taking damage.
You are very dopey. (Int -4)
You are frail. (-10% HP)
You are weak. (Str -2)
You sometimes lose the ability to read scrolls when taking damage.


Message History

You see here a +3 antimagic quarterstaff.
Trog grants you a weapon!
The chaos spawn degenerates into a cloud of primal chaos!
The ice devil disappears in a puff of smoke!
The white imp disappears in a puff of smoke!
The crimson imp disappears in a puff of smoke!
The rust devil disappears in a puff of smoke!
The quasit disappears in a puff of smoke!
You hit the demonic crawler.
The demonic crawler hits you but does no damage.
The demonic crawler hits you.
* * * LOW HITPOINT WARNING * * *
The demonic crawler hits you.
* * * LOW HITPOINT WARNING * * *
The demonic crawler hits you but does no damage. x2
The demonic crawler barely misses you.
You feel your strength returning.
Your Dodging skill increases to level 14!
You are too confused!
Unknown command.
Okay, then.
The demonic crawler hits you.
* * * LOW HITPOINT WARNING * * *
The demonic crawler hits you.
* * * LOW HITPOINT WARNING * * *
The demonic crawler hits you but does no damage.
Things that are here:
a +0 dagger; a +0 robe You feel less confused.
The demonic crawler hits you.
* * * LOW HITPOINT WARNING * * *
You block the demonic crawler's attack. The demonic crawler hits you.
* * * LOW HITPOINT WARNING * * *
You see here 27 gold pieces.
Unknown command.
The demonic crawler hits you!
* * * LOW HITPOINT WARNING * * *
You block the demonic crawler's attack. x3
The demonic crawler barely misses you. The demonic crawler hits you!
You die...

########################
.#..).)#..'..#__#s)s)..#
.').#..'..#..'..@ss#...#
.#####'#####'#__####...'..#
.####..#...#=#### ####..+
.#__####..##.# ##
.#_____##'#_.+
⌠#_.∩...'..._#
##_..__##_.#'##+###
#_____###'#[#..)[###
##########.####'###)##


You could see 4 demonic crawlers.

Vanquished Creatures
  A deep troll (D)
  8 shining eyes (D)
  2 kobold demonologists (D)
  A slime creature (D)
  Sigmund (D)
  A yak (D)
  5 floating eyes (D)
  An ogre (D)
  A jelly (D)
  Ijyb (D)
  A ballistomycete spore (D)
23 creatures vanquished.

Vanquished Creatures (others)
  2 merfolk sirens (D)
  4 hornets (D)
  A ballistomycete spore (D)
7 creatures vanquished.

Grand Total: 30 creatures vanquished

Notes
Turn   | Place    | Note
-------+----------+-------------------------------------------
     0 | D        | Zeld the Minotaur Berserker began the quest for the Orb.
     0 | D        | Reached XP level 1. HP: 19/19 MP: 0/0
     2 | D        | Noticed Ijyb
     7 | D        | Killed Ijyb
     8 | D        | Reached skill level 7 in Axes
     8 | D        | Reached XP level 2. HP: 26/26 MP: 1/1
   208 | D        | Noticed an ogre
   212 | D        | Killed an ogre
   213 | D        | Reached skill level 11 in Axes
   213 | D        | Reached XP level 3. HP: 31/31 MP: 2/2
   213 | D        | Reached XP level 4. HP: 39/39 MP: 3/3
   387 | D        | Noticed Sigmund
   403 | D        | Killed Sigmund
   403 | D        | Reached ** piety under Trog
   404 | D        | Reached skill level 14 in Axes
   404 | D        | Reached XP level 5. HP: 41/47 MP: 4/4
   524 | D        | Found a burning altar of Makhleb.
   524 | D        | Found a viscous altar of Jiyva.
   524 | D        | Found a shimmering altar of Xom.
   524 | D        | Found a corrupted altar of Lugonu.
   524 | D        | Noticed a slime creature
   531 | D        | Killed a slime creature
   532 | D        | Reached XP level 6. HP: 61/61 MP: 5/5
   593 | D        | Found an ornate altar of the Wu Jian Council.
   593 | D        | Found a shimmering blue altar of Sif Muna.
   606 | D        | Found a radiant altar of Vehumet.
   815 | D        | Found Purerein's Antique Armour Emporium.
   815 | D        | Found an ancient bone altar of Kikubaaqudgha.
   815 | D        | Found a hazy altar of Hepliaklqana.
   815 | D        | Found a stormy altar of Qazlal.
   815 | D        | Found a hide-covered altar of Uskayaw.
   815 | D        | Found a blossoming altar of Fedhas.
   815 | D        | Found a bloodstained altar of Trog.
   815 | D        | Found an iron altar of Okawaru.
   815 | D        | Found a basalt altar of Yredelemnul.
   815 | D        | Found a glowing golden altar of the Shining One.
   815 | D        | Found a snail-covered altar of Cheibriados.
   815 | D        | Found a sacrificial altar of Ru.
   815 | D        | Found a glowing silver altar of Zin.
   815 | D        | Found a shadowy altar of Dithmenos.
   815 | D        | Found a white marble altar of Elyvilon.
   815 | D        | Noticed a yak
   823 | D        | Killed a yak
   824 | D        | Reached XP level 7. HP: 70/70 MP: 6/6
   824 | D        | Found an opulent altar of Gozag.
   828 | D        | Found a sparkling altar of Nemelex Xobeh.
  1000 | D        | Bought a kite shield for 112 gold pieces
  1000 | D        | Bought a pair of boots for 112 gold pieces
  1070 | D        | Noticed Sonja
  1421 | D        | Killed a hornet
  1531 | D        | Killed a hornet
  1825 | D        | Noticed a deep troll
  1835 | D        | Killed a deep troll
  1836 | D        | Reached skill level 10 in Dodging
  1836 | D        | Reached XP level 8. HP: 11/83 MP: 7/7
  2122 | D        | Killed a hornet
  2259 | D        | Found Yjuyrr's Armour Emporium.
  2413 | D        | Found Zaexti's Antique Weapon Boutique.
  2421 | D        | Bought a glowing war axe for 169 gold pieces
  2425 | D        | Noticed a shining eye
  2425 | D        | Noticed a shining eye
  2425 | D        | Noticed a shining eye
  2425 | D        | Noticed a shining eye
  2425 | D        | Noticed a shining eye
  2425 | D        | Noticed a shining eye
  2425 | D        | Gained mutation: You are frail. (-10% HP) [a shining eye]
  2426 | D        | Paralysed by a floating eye for 3 turns
  2426 | D        | Lost mutation: You are frail. (-10% HP) [a shining eye]
  2427 | D        | Gained mutation: You sometimes lose the ability to read
                  | scrolls when taking damage. [a shining eye]
  2431 | D        | Paralysed by a floating eye for 2 turns
  2434 | D        | Reached *** piety under Trog
  2437 | D        | Gained mutation: You are weak. (Str -2) [a shining eye]
  2438 | D        | Paralysed by a floating eye for 2 turns
  2440 | D        | Gained mutation: You are dopey. (Int -2) [a shining eye]
  2441 | D        | Killed a shining eye
  2442 | D        | Reached skill level 16 in Axes
  2448 | D        | Killed a shining eye
  2448 | D        | Reached **** piety under Trog
  2448 | D        | Killed a shining eye
  2449 | D        | Reached XP level 9. HP: 93/93 MP: 8/8
  2449 | D        | Gained mutation: Your body sometimes deteriorates upon
                  | taking damage. [a shining eye]
  2450 | D        | Gained mutation: Armour fits poorly on your strangely
                  | shaped body. [a shining eye]
  2451 | D        | Gained mutation: You are frail. (-10% HP) [a shining eye]
  2451 | D        | Lost mutation: You are frail. (-10% HP) [a shining eye]
  2453 | D        | Killed a shining eye
  2454 | D        | Lost intelligence.
  2454 | D        | Gained mutation: You are very dopey. (Int -4) [a shining
                  | eye]
  2458 | D        | Killed a shining eye
  2460 | D        | Killed a shining eye
  2460 | D        | Reached ***** piety under Trog
  2480 | D        | Noticed a shining eye
  2480 | D        | Noticed a shining eye
  2487 | D        | Reached XP level 10. HP: 104/104 MP: 9/9
  2487 | D        | Killed a shining eye
  2487 | D        | Gained mutation: You are frail. (-10% HP) [a shining eye]
  2488 | D        | Killed a shining eye
  2489 | D        | Reached skill level 15 in Fighting
  2489 | D        | Reached skill level 10 in Shields
  2516 | D        | Found Magrow's General Store.
  2516 | D        | Found Suzell's Weapon Shoppe.
  2516 | D        | Found Uqechec's Magic Scroll Boutique.
  2516 | D        | Found Tedghag's General Store.
  2545 | D        | Killed a merfolk siren
  2638 | D        | Killed a merfolk siren
  2751 | D        | Bought a scroll of enchant armour for 75 gold pieces
  2751 | D        | Bought a scroll of magic mapping for 35 gold pieces
  2751 | D        | Bought a scroll of identify for 20 gold pieces
  2758 | D        | Bought a scroll of enchant weapon for 105 gold pieces
  2758 | D        | Bought a scroll of enchant weapon for 105 gold pieces
  2812 | D        | Paralysed by a floating eye for 4 turns
  2835 | D        | Noticed a rust devil
  2836 | D        | Received a gift from Trog
  2839 | D        | HP: 3/94 [demonic crawler (7)]
  2839 | D        | Mangled by a demonic crawler

Illustrated notes

Levels and vault maps discovered:
D:        dungeon_sprint_1 [red_sonja_temple_1, red_sonja_temple_small_1]

Skill      XL: |  1  2  3  4  5  6  7  8  9 10 |
---------------+-------------------------------+-----
Axes           | 7 11 14 16 | 16.0
Fighting       | 4 8 9 11 13 14 15 | 15.3
Dodging        | 3 6 8 10 12 13 14 | 14.0
Shields        | 6 9 10 | 10.9
Armour         | |  2.4

Action                   |  1- 3 |  4- 6 |  7- 9 | 10-12 || total
-------------------------+-------+-------+-------+-------++-------
Melee: Hand axe          |     6 |    16 |    21 |       ||    43
       Headbutt          |     1 |     5 |     9 |     2 ||    17
       War axe           |       |       |    22 |    21 ||    43
Invok: Berserk           |     2 |     4 |     4 |     1 ||    11
       Trog's Hand       |       |       |     1 |       ||     1
  Use: Scroll            |       |       |       |     1 ||     1
Armor: Ring mail         |       |     4 |    16 |       ||    20
       Troll leather arm |       |       |       |     9 ||     9
Dodge: Dodged            |     1 |     6 |    20 |    10 ||    37
Block: Kite shield       |       |       |    13 |    10 ||    23

Table legend: (Time is in decaauts)
 A = Elapsed time spent in this place.
 B = Non-inter-level travel time spent in this place.
 C = Inter-level travel time spent in this place.
 D = Time resting spent in this place.
 E = Time spent auto-exploring this place.
 F = Levels seen in this place.
 G = Mean time per level.
                   A        B        C        D        E       F      G
               +--------+--------+--------+--------+--------+-----+--------+
         Total |   3075 |   3033 |     42 |   2572 |      0 |   1 | 3075.0 |
       Dungeon |   3075 |   3033 |     42 |   2572 |      0 |   1 | 3075.0 |
               +--------+--------+--------+--------+--------+-----+--------+

Top non-repeatable levels by time:
       D: 3075 daAuts
